EL
NORTHWEST ARKANSAS NATURALS @ NEW HAMPSHIRE FISHER CATS
07/31/2049
 
TOP OF THE 1ST
Northwest Arkansas Naturals batting - Pitching for New Hampshire Fisher Cats : RHP Bill Dillard
Pitching: RHP Bill Dillard
Batting: RHB Chad Sullivan 0-0: Called Strike
0-1: Ball
1-1: Foul Ball, location: 2F
1-2: Foul Ball, location: 2F
1-2: Foul Ball, location: 2F
1-2: Ball
2-2: Ground out 5-3 (Groundball, 5S, EV 86.2 MPH)
Batting: RHB Kevin Allen 0-0: Called Strike
0-1: Fly out, F3 (Popup, 34, EV 62.5 MPH)
Batting: LHB Pablo Serrato 0-0: Foul Ball, location: 2F
0-1: Reached via error on a dropped throw from 1B, E1 (Groundball, 34S, EV 79.4 MPH)
Batting: RHB Edwin Ramos 0-0: Foul Ball, location: 2F
0-1: Swinging Strike
0-2: Foul Ball, location: 2F
0-2: Fly out, F7 (Flyball, 78S, EV 90.0 MPH)
Top of the 1st over - 0 runs, 0 hits, 1 error, 1 left on base; Northwest Arkansas 0 - New Hampshire 0
BOTTOM OF THE 1ST
New Hampshire Fisher Cats batting - Pitching for Northwest Arkansas Naturals : RHP Jason Meade
Pitching: RHP Jason Meade
Batting: RHB Tokuji Kawabata 0-0: Foul Ball, location: 2F
0-1: Ball
1-1: Foul Ball, location: 2F
1-2: Ground out 6-3 (Groundball, P, EV 91.2 MPH)
Batting: RHB Stephen Casteel 0-0: Ball
1-0: Swinging Strike
1-1: Fly out, F4 (Line Drive, 4, EV 68.1 MPH)
Batting: LHB Gabe Pace 0-0: Ball
1-0: Ball
2-0: Called Strike
2-1: Ball
3-1: Base on Balls
Batting: RHB Justin Geiger 0-0: Called Strike
0-1: Ball
1-1: Called Strike
1-2: Foul Ball, location: 2F
1-2: Foul Ball, location: 2F
1-2: Foul Ball, location: 2F
1-2: Strikes out swinging
Bottom of the 1st over - 0 runs, 0 hits, 0 errors, 1 left on base; Northwest Arkansas 0 - New Hampshire 0
TOP OF THE 2ND
Northwest Arkansas Naturals batting - Pitching for New Hampshire Fisher Cats : RHP Bill Dillard
Batting: LHB Danny Zuniga 0-0: Ball
1-0: Ball
2-0: SOLO HOME RUN (Flyball, 7LD, EV 95.6 MPH), Distance : 340 ft
Batting: RHB Jonas Fernandez 0-0: Foul Ball, location: 2F
0-1: Swinging Strike
0-2: Foul Ball, location: 2F
0-2: Strikes out swinging
Batting: RHB Ian Hornsby 0-0: Called Strike
0-1: Ball
1-1: Ball
2-1: Ball
3-1: Ground out 4-3 (Groundball, 4, EV 85.6 MPH)
Batting: RHB Adam Krieger 0-0: Ball
1-0: Ground out 4-3 (Groundball, 4, EV 84.4 MPH)
Top of the 2nd over - 1 run, 1 hit, 0 errors, 0 left on base; Northwest Arkansas 1 - New Hampshire 0
BOTTOM OF THE 2ND
New Hampshire Fisher Cats batting - Pitching for Northwest Arkansas Naturals : RHP Jason Meade
Batting: RHB Chris Martin 0-0: Ball
1-0: Swinging Strike
1-1: Ball
2-1: Ball
3-1: Fly out, F8 (Flyball, 78M, EV 86.9 MPH)
Batting: RHB Jon Aguilar 0-0: Ground out 6-3 (Groundball, 6, EV 86.2 MPH)
Batting: SHB Bryan Johnston 0-0: Ball
1-0: Ball
2-0: Ball
3-0: Base on Balls
Batting: RHB Kirk Seiffert 0-0: Ball
1-0: Ball
2-0: Foul Ball, location: 2F
2-1: Called Strike
Bryan Johnston steals 2nd base (no throw)
2-2: Ball
3-2: Foul Ball, location: 2F
3-2: Strikes out looking
Bottom of the 2nd over - 0 runs, 0 hits, 0 errors, 1 left on base; Northwest Arkansas 1 - New Hampshire 0
TOP OF THE 3RD
Northwest Arkansas Naturals batting - Pitching for New Hampshire Fisher Cats : RHP Bill Dillard
Batting: RHB Trevor Kingston 0-0: SINGLE (Groundball, 5S, EV 65.0 MPH) (infield hit)
Batting: RHB Chad Sullivan 0-0: Called Strike
0-1: Fielders Choice at 2nd, 5-4 (Groundball, 56, EV 105.0 MPH)
Batting: RHB Kevin Allen 0-0: Foul Ball, location: 2F
0-1: Ball
1-1: Called Strike
1-2: Ball
2-2: Ground out 5-3 (Groundball, 56S, EV 67.5 MPH)
Chad Sullivan to second
Batting: LHB Pablo Serrato 0-0: Called Strike
0-1: Foul Ball, location: 2F
0-2: Strikes out looking
Top of the 3rd over - 0 runs, 1 hit, 0 errors, 1 left on base; Northwest Arkansas 1 - New Hampshire 0
BOTTOM OF THE 3RD
New Hampshire Fisher Cats batting - Pitching for Northwest Arkansas Naturals : RHP Jason Meade
Batting: RHB Justin Powell 0-0: Ground out 5-3 (Groundball, 5, EV 83.8 MPH)
Batting: RHB Tokuji Kawabata 0-0: Ball
1-0: Foul Ball, location: 2F
1-1: Foul Ball, location: 2F
1-2: Ground out 5-3 (Groundball, 56S, EV 63.8 MPH)
Batting: RHB Stephen Casteel 0-0: Ball
1-0: Ground out 6-3 (Groundball, 6, EV 78.8 MPH)
Bottom of the 3rd over - 0 runs, 0 hits, 0 errors, 0 left on base; Northwest Arkansas 1 - New Hampshire 0
TOP OF THE 4TH
Northwest Arkansas Naturals batting - Pitching for New Hampshire Fisher Cats : RHP Bill Dillard
Batting: RHB Edwin Ramos 0-0: Swinging Strike
0-1: Foul Ball, location: 2F
0-2: Strikes out swinging
Batting: LHB Danny Zuniga 0-0: Called Strike
0-1: Ball
1-1: Foul Ball, location: 2F
1-2: Strikes out swinging
Batting: RHB Jonas Fernandez 0-0: Called Strike
0-1: Ground out 6-3 (Groundball, 6D, EV 102.5 MPH)
Top of the 4th over - 0 runs, 0 hits, 0 errors, 0 left on base; Northwest Arkansas 1 - New Hampshire 0
BOTTOM OF THE 4TH
New Hampshire Fisher Cats batting - Pitching for Northwest Arkansas Naturals : RHP Jason Meade
Batting: LHB Gabe Pace 0-0: Foul Ball, location: 2F
0-1: Ball
1-1: Foul Ball, location: 2F
1-2: Foul Ball, location: 2F
1-2: SINGLE (Line Drive, 9S, EV 103.8 MPH)
Batting: RHB Justin Geiger 0-0: Ball
Gabe Pace steals 2nd base
1-0: Ball
2-0: Ground out 4-3 (Groundball, 34D, EV 80.6 MPH)
Gabe Pace to third
Batting: RHB Chris Martin 0-0: Fly out, F8 (Flyball, 8LM, EV 83.1 MPH)
Runner from 3rd tags up, SCORES, throw by CF
Batting: RHB Jon Aguilar 0-0: Ground out 1-3 (Groundball, 13S, EV 65.6 MPH)
Bottom of the 4th over - 1 run, 1 hit, 0 errors, 0 left on base; Northwest Arkansas 1 - New Hampshire 1
TOP OF THE 5TH
Northwest Arkansas Naturals batting - Pitching for New Hampshire Fisher Cats : RHP Bill Dillard
Batting: RHB Ian Hornsby 0-0: Ball
1-0: Called Strike
1-1: Foul Ball, location: 2F
1-2: Ground out 6-3 (Groundball, 6, EV 96.9 MPH)
Batting: RHB Adam Krieger 0-0: SINGLE (Groundball, 56S, EV 71.2 MPH) (infield hit)
Batting: RHB Trevor Kingston 0-0: Ball
1-0: Ball
2-0: Called Strike
2-1: Foul Ball, location: 2F
2-2: Ball
3-2: Grounds into double play, 5-4-3 (Groundball, 5, EV 85.6 MPH)
Top of the 5th over - 0 runs, 1 hit, 0 errors, 0 left on base; Northwest Arkansas 1 - New Hampshire 1
BOTTOM OF THE 5TH
New Hampshire Fisher Cats batting - Pitching for Northwest Arkansas Naturals : RHP Jason Meade
Batting: SHB Bryan Johnston 0-0: Fly out, F1 (Line Drive, P, EV 69.4 MPH)
Batting: RHB Kirk Seiffert 0-0: Swinging Strike
0-1: Foul Ball, location: 2F
0-2: Ball
1-2: Foul Ball, location: 2F
1-2: Strikes out swinging
Batting: RHB Justin Powell 0-0: Ball
1-0: Foul Ball, location: 2F
1-1: Ground out 6-3 (Groundball, 6, EV 91.2 MPH)
Bottom of the 5th over - 0 runs, 0 hits, 0 errors, 0 left on base; Northwest Arkansas 1 - New Hampshire 1
TOP OF THE 6TH
Northwest Arkansas Naturals batting - Pitching for New Hampshire Fisher Cats : RHP Bill Dillard
Batting: RHB Chad Sullivan 0-0: Ball
1-0: Swinging Strike
1-1: Foul Ball, location: 2F
1-2: Ball
2-2: Strikes out swinging
Batting: RHB Kevin Allen 0-0: Ball
1-0: Foul Ball, location: 2F
1-1: Foul Ball, location: 2F
1-2: Strikes out swinging
Batting: LHB Pablo Serrato 0-0: Ball
1-0: SOLO HOME RUN (Flyball, 9LD, EV 96.2 MPH), Distance : 356 ft
Batting: RHB Edwin Ramos 0-0: Fly out, F8 (Line Drive, 8RD, EV 99.4 MPH)
Top of the 6th over - 1 run, 1 hit, 0 errors, 0 left on base; Northwest Arkansas 2 - New Hampshire 1
BOTTOM OF THE 6TH
New Hampshire Fisher Cats batting - Pitching for Northwest Arkansas Naturals : RHP Jason Meade
Batting: RHB Tokuji Kawabata 0-0: Called Strike
0-1: Ball
1-1: Ground out 5-3 (Groundball, 56S, EV 86.9 MPH)
Batting: RHB Stephen Casteel 0-0: Ball
1-0: SINGLE (Groundball, 34D, EV 106.2 MPH)
Batting: LHB Gabe Pace 0-0: Called Strike
Stephen Casteel steals 2nd base
0-1: Ball
1-1: DOUBLE (Line Drive, 7LS, EV 88.8 MPH)
Stephen Casteel scores
Batting: RHB Justin Geiger 0-0: Called Strike
0-1: Called Strike
Gabe Pace steals 3rd base (no throw)
0-2: SINGLE (Groundball, 6MD, EV 103.8 MPH)
Gabe Pace scores
Batting: RHB Chris Martin 0-0: Ball
Justin Geiger steals 2nd base
1-0: Swinging Strike
1-1: Called Strike
1-2: Strikes out swinging
Batting: RHB Jon Aguilar 0-0: Ball
1-0: Called Strike
1-1: Called Strike
1-2: Ball
2-2: Strikes out swinging
Bottom of the 6th over - 2 runs, 3 hits, 0 errors, 1 left on base; Northwest Arkansas 2 - New Hampshire 3
TOP OF THE 7TH
Northwest Arkansas Naturals batting - Pitching for New Hampshire Fisher Cats : RHP Bill Dillard
Now at 1B: Chris Martin
Now at 2B: Kirk Seiffert
Now at SS: Marcos Villalobos
Batting: LHB Danny Zuniga 0-0: Fly out, F7 (Line Drive, 78S, EV 108.1 MPH)
Batting: RHB Jonas Fernandez 0-0: Foul Ball, location: 2F
0-1: Ground out 5-3 (Groundball, 56, EV 109.4 MPH)
Batting: RHB Ian Hornsby 0-0: Called Strike
0-1: Ball
1-1: Fly out, F7 (Flyball, 7, EV 84.4 MPH)
Top of the 7th over - 0 runs, 0 hits, 0 errors, 0 left on base; Northwest Arkansas 2 - New Hampshire 3
BOTTOM OF THE 7TH
New Hampshire Fisher Cats batting - Pitching for Northwest Arkansas Naturals : RHP Jason Meade
Batting: SHB Bryan Johnston 0-0: Called Strike
0-1: Ball
1-1: Ball
2-1: Ball
3-1: Foul Ball, location: 2F
3-2: SINGLE (Flyball, 5D, EV 94.4 MPH)
Pitching: RHP Kevin Fleming
Batting: RHB Kirk Seiffert 0-0: Ball
Bryan Johnston steals 2nd base
1-0: Ball
Bryan Johnston steals 3rd base
2-0: Ground out 5-3 (Groundball, 56S, EV 67.5 MPH)
Batting: RHB Justin Powell 0-0: Called Strike
0-1: SINGLE (Groundball, 6D, EV 100.6 MPH)
Bryan Johnston scores
Batting: RHB Tokuji Kawabata 0-0: Called Strike
Justin Powell steals 2nd base (no throw)
0-1: Ball
1-1: Swinging Strike
1-2: SINGLE (Groundball, 6M, EV 105.6 MPH)
Justin Powell to third
Runner from 3rd tries for Home, throw by CF and OUT! 8-2
Batting: RHB Marcos Villalobos 0-0: Called Strike
Tokuji Kawabata steals 2nd base
0-1: Foul Ball, location: 2F
0-2: Foul Ball, location: 2F
0-2: Ball
1-2: Fly out, F9 (Flyball, 89S, EV 86.9 MPH)
Bottom of the 7th over - 1 run, 3 hits, 0 errors, 1 left on base; Northwest Arkansas 2 - New Hampshire 4
TOP OF THE 8TH
Northwest Arkansas Naturals batting - Pitching for New Hampshire Fisher Cats : RHP Bill Dillard
Batting: RHB Adam Krieger 0-0: Called Strike
0-1: Ball
1-1: Ball
2-1: Ball
3-1: Foul Ball, location: 2F
3-2: Fly out, F4 (Popup, 4D, EV 70.6 MPH)
Batting: RHB Trevor Kingston 0-0: Foul Ball, location: 2F
0-1: Ball
1-1: Ball
2-1: Swinging Strike
2-2: Strikes out swinging
Batting: RHB Chad Sullivan 0-0: Called Strike
0-1: Ball
1-1: Foul Ball, location: 2F
1-2: Ball
2-2: Strikes out swinging
Top of the 8th over - 0 runs, 0 hits, 0 errors, 0 left on base; Northwest Arkansas 2 - New Hampshire 4
BOTTOM OF THE 8TH
New Hampshire Fisher Cats batting - Pitching for Northwest Arkansas Naturals : RHP Kevin Fleming
Pitching: RHP Gary Ackerman
Batting: LHB Gabe Pace 0-0: Called Strike
0-1: Ball
1-1: Ball
2-1: Ground out 6-3 (Groundball, 6, EV 91.9 MPH)
Batting: RHB Justin Geiger 0-0: Ball
1-0: Foul Ball, location: 2F
1-1: SINGLE (Flyball, 8LM, EV 91.2 MPH)
Batting: RHB Chris Martin 0-0: Ball
1-0: Ball
Justin Geiger steals 2nd base
2-0: Fly out, F7 (Flyball, 78D, EV 103.8 MPH)
Batting: RHB Jon Aguilar 0-0: Called Strike
0-1: Ball
1-1: Ground out 6-3 (Groundball, 6, EV 91.2 MPH)
Bottom of the 8th over - 0 runs, 1 hit, 0 errors, 1 left on base; Northwest Arkansas 2 - New Hampshire 4
TOP OF THE 9TH
Northwest Arkansas Naturals batting - Pitching for New Hampshire Fisher Cats : RHP Bill Dillard
Pitching: LHP Nick Burnstein
Batting: RHB Kevin Allen 0-0: Ball
1-0: Called Strike
1-1: Swinging Strike
1-2: Ball
2-2: Strikes out swinging
Batting: LHB Pablo Serrato 0-0: Foul Ball, location: 2F
0-1: Foul Ball, location: 2F
0-2: Foul Ball, location: 2F
0-2: Strikes out swinging
Batting: RHB Edwin Ramos 0-0: Called Strike
0-1: Foul Ball, location: 2F
0-2: Ground out U3 (Groundball, 34, EV 89.4 MPH)
Top of the 9th over - 0 runs, 0 hits, 0 errors, 0 left on base; Northwest Arkansas 2 - New Hampshire 4
Sunday, July 16th , 2023 - OOTP Baseball 24.6 Build 69